 Dungeon Crawl Stone Soup version 0.14-a0-2017-g4a4604d (webtiles) character file.

1739 M4edhros the Covert (level 8, -2/54 HPs)
             Began as an Octopode Wanderer on Jan 19, 2014.
             Was an Initiate of Dithmengos.
             Killed from afar by a manticore (12 damage)
             ... with a volley of spikes
             ... on Level 6 of the Dungeon.
             The game lasted 00:08:46 (5365 turns).

M4edhros the Covert (Octopode Wanderer)             Turns: 5365, Time: 00:08:46

HP  -2/54        AC  1     Str 12      XL: 8   Next: 56%
MP  14/14        EV 11     Int 16      God: Dithmengos [......]
Gold 444         SH  0     Dex 11      Spells:  1 memorised,  7 levels left

rFire  . . .     SeeInvis .     a - +2,+4 hand axe
rCold  . . .     Clarity  .     (no shield)
rNeg   . . .     Conserve .     q - +0 hat {MR+}
rPois  .         rCorr    .     (no amulet)
rElec  .         rRot     .     (no ring)
SustAb . .       Spirit   .     (no ring)
rMut   .         Warding  .     (no ring)
Saprov . . .     Stasis   .     (no ring)
MR     +....                    (no ring)
                                (no ring)
                                (no ring)
                                (no ring)

@: somewhat resistant to hostile enchantments, extraordinarily stealthy
A: almost no armour, amphibious, 8 rings, constrict 8, camouflage 1, gelatinous
body 1
a: Renounce Religion


You were on level 6 of the Dungeon.
You worshipped Dithmengos.
Dithmengos was noncommittal.
You were very hungry.

You visited 2 branches of the dungeon, and saw 7 of its levels.
You also visited: Ossuary.

You collected 444 gold pieces.

Inventory:

Hand weapons
 a - a +2,+4 hand axe (weapon)
Missiles
 k - 4 javelins (quivered)
Armour
 q - a +0 hat of magic resistance (worn)
Magical devices
 e - a wand of magic darts (7)
 f - a wand of slowing (11)
Comestibles
 b - 3 meat rations
 d - 2 bread rations
 n - an apple
 o - 10 sultanas
 s - a pear
Scrolls
 g - 6 scrolls of teleportation
 l - a scroll of curse jewellery {unknown}
 m - 3 scrolls of recharging
 p - 3 scrolls of fog
 r - 2 scrolls of remove curse
 y - a scroll of random uselessness
Jewellery
 j - an uncursed ring of teleportation
Potions
 h - 3 potions of magic
 v - 3 potions of agility
 x - a potion of restore abilities
Books
 u - a book of Power

   Spells                             Type                      Level
   *Iskenderun's Mystic Blast         Conjuration                  4
   Venom Bolt                         Conjuration/Poison           5
   Bolt of Magma                      Conjuration/Fire/Earth       5
   Fulminant Prism                    Conjuration/Hexes            5
   Iron Shot                          Conjuration/Earth            6
   Orb of Destruction                 Conjuration                  7


   Skills:
 - Level 4.0 Fighting
 - Level 2.0 Axes
 - Level 1.0 Dodging
 - Level 13.2 Stealth
 * Level 2.4 Spellcasting
 + Level 1.4 Conjurations
   Level 1.0 Invocations


You had 7 spell levels left.
You knew the following spells:

 Your Spells              Type           Power        Failure   Level  Hunger
a - Iskenderun's Mystic   Conj           #.......     91%         4    #####..


Dungeon Overview and Level Annotations

Branches:
Dungeon (6/16)             Temple (1/1) D:4

Altars:
Cheibriados
Dithmengos
Elyvilon
Makhleb
Nemelex Xobeh
Sif Muna
Trog
Vehumet
Xom
Yredelemnul

Annotations:
D:5 exclusion: ice beast


Innate Abilities, Weirdness & Mutations

You cannot wear most types of armour.
You are amphibious.
You can wear up to eight rings at the same time.
You can use your tentacles to constrict many enemies at once.
Your skin changes colour to match your surroundings (Stlth).
Your rubbery body absorbs attacks (AC +1).


Message History

No target in view!
Found 6 gold pieces.
You start resting.
Magic restored.
You now have 444 gold pieces (gained 14).
You start resting.
A kobold comes into view.
A kobold is nearby!
The kobold shouts!
The kobold throws a dart of flame.
The dart of flame hits you!
The kobold throws a dart of flame.
The dart of flame hits you!
You see here a dart of flame.
A manticore comes into view.
The kobold hits you.
The manticore flicks its tail!
The volley of spikes hits you!
* * * LOW HITPOINT WARNING * * *
The kobold hits you.
* * * LOW HITPOINT WARNING * * *
The manticore flicks its tail!
The volley of spikes hits you!
You die...

####.# #.# #.# .
..(..###.####.###.
...............#..
..............##..
.#.#####..###.##.#
%#.# #...##.##.#
.#.# #...##.##.#
.#.. ##..##.##K#
.### #.....(.@####
.# ##....$......#
.# #.###.####..#
.# #.# #.# H... .#
#.# #.# .#. .# #..
... . .# ### #.#
.# #.# .#####.#
#.#


You could see a manticore and a kobold.

Vanquished Creatures
  An ice beast (D:6)
  3 phantoms (D:5)
  The ghost of M4edhros the Sneak, an average OpWn (D:4)
  An ogre (D:5)
  A centaur (D:5)
  A giant frog (D:5)
  A crimson imp (D:5)
  2 hounds (D:5)
  A giant frog skeleton (D:6)
  A jelly (D:5)
  2 orc priests
  A scorpion (D:4)
  3 orc wizards
  A worker ant (D:5)
  An ogre zombie (D:5)
  11 mummies
  6 adders
  A giant mite (D:1)
  4 worms
  An ooze (D:2)
  4 orcs
  4 giant cockroaches
  4 goblins
  8 hobgoblins
  7 jackals
  12 kobolds
  3 quokkas
  3 bats
  A giant gecko (D:3)
  5 giant newts
  2 hobgoblin zombies (Ossuary)
  A jackal zombie (D:2)
  3 kobold zombies (Ossuary)
  3 orc zombies (Ossuary)
  9 rats
  A rat skeleton (D:4)
114 creatures vanquished.

Vanquished Creatures (others)
  A giant newt (D:4)
  A goblin (D:4)
2 creatures vanquished.

Grand Total: 116 creatures vanquished

Notes
Turn   | Place    | Note
--------------------------------------------------------------
     0 | D:1      | M4edhros, the Octopode Wanderer, began the quest for the Orb.
     0 | D:1      | Reached XP level 1. HP: 17/17 MP: 1/1
    86 | D:1      | Reached XP level 2. HP: 9/22 MP: 2/2
   365 | D:1      | Reached XP level 3. HP: 17/27 MP: 3/3
   556 | D:2      | Reached skill level 5 in Stealth
   849 | D:2      | Reached XP level 4. HP: 18/33 MP: 4/4
  1092 | D:2      | Reached skill level 6 in Stealth
  1104 | D:2      | Found a basalt altar of Yredelemnul.
  2150 | D:4      | Noticed M4edhros' ghost (average OpWn)
  2159 | D:4      | Killed M4edhros' ghost
  2159 | D:4      | Reached skill level 8 in Stealth
  2159 | D:4      | Reached XP level 5. HP: 13/37 MP: 5/5
  2399 | D:4      | Found a staircase to the Ecumenical Temple.
  2466 | Temple   | Entered the Ecumenical Temple
  2817 | D:4      | Reached XP level 6. HP: 22/43 MP: 6/6
  3177 | D:5      | Entered Level 5 of the Dungeon
  3186 | D:5      | Reached skill level 9 in Stealth
  3377 | D:5      | Found a sand-covered staircase.
  3480 | Ossuary  | Entered an ossuary
  3560 | Ossuary  | Reached skill level 10 in Stealth
  3576 | Ossuary  | Reached XP level 7. HP: 40/48 MP: 8/8
  3806 | Ossuary  | Paralysed by a potion of paralysis for 6 turns
  4147 | D:5      | Reached skill level 11 in Stealth
  4264 | D:5      | Reached skill level 12 in Stealth
  4336 | D:5      | Found a shimmering altar of Xom.
  4419 | D:5      | Reached XP level 8. HP: 19/54 MP: 9/9
  4581 | D:5      | HP: 1/54 [centaur (8)]
  4784 | D:5      | Found a shadowy altar of Dithmengos.
  4803 | D:5      | Reached skill level 13 in Stealth
  4807 | D:5      | Became a worshipper of Dithmengos
  4990 | D:6      | Learned a level 4 spell: Iskenderun's Mystic Blast
  5035 | D:6      | Reached skill level 1 in Spellcasting
  5295 | D:6      | Reached skill level 1 in Conjurations
  5365 | D:6      | Killed from afar by a manticore

Action                   |  1- 3 |  4- 6 |  7- 9 || total
-------------------------+-------+-------+-------++-------
Melee: Hand axe          |    45 |   114 |   111 ||   270
Evoke: Wand              |       |       |     6 ||     6
  Use: Scroll            |       |     7 |     8 ||    15
       Potion            |       |     7 |     9 ||    16
 Stab: Sleeping          |     7 |    21 |    11 ||    39
       Distracted        |       |     1 |     1 ||     2
